 Dungeon Crawl Stone Soup version 0.23.1 (webtiles) character file.

Game seed: 15344409628449652363

12205 Norn the Impaler (level 11, -3/89 HPs)
             Began as a Merfolk Skald on Mar 8, 2019.
             Was a Priest of Ashenzari.
             Slain by a harpy simulacrum (19 damage)
             ... in a Gauntlet.
             The game lasted 00:44:49 (15916 turns).

Norn the Impaler (Merfolk Skald)                   Turns: 15916, Time: 00:44:50

Health: -3/89      AC:  8    Str: 11    XL:     11   Next: 89%
Magic:  9/14       EV: 33    Int: 17    God:    Ashenzari [***...]
Gold:   557        SH:  0    Dex: 12    Spells: 8/14 levels left

rFire    . . .     SeeInvis +   a - +3 trident (venom)
rCold    . . .     Gourm    .   (no shield)
rNeg     . . .     Faith    .   A - +3 leather armour of the Sacrificial Victim {+Fly rElec Dex-3} (curse)
rPois    .         Spirit   .   (no helmet)
rElec    +         Reflect  .   (no cloak)
rCorr    .         Harm     .   (no gloves)
MR       .....     NoTele   +   u - +1 pair of boots
Stlth    +.........             J - amulet of the acrobat
HPRegen  0.24/turn              l - +1 ring of evasion
MPRegen  0.14/turn              j - +2 ring of dexterity

@: acrobat, very slightly contaminated
A: change form in water, swift swim, stealthy swim
a: Curse Item, Scrying, Renounce Religion, Evoke Flight


You were in a Gauntlet.
You worshipped Ashenzari.
Ashenzari was most pleased with you.
You were hungry.

You visited 3 branches of the dungeon, and saw 14 of its levels.
You also visited: Gauntlet.

You collected 757 gold pieces.
You spent 200 gold pieces at shops.

Inventory:

Hand Weapons
 a - a +3 trident of venom (weapon)
   (You found it on level 6 of the Dungeon)
 b - a +0 halberd
   (You took it off a gnoll on level 5 of the Dungeon)
Missiles
 D - 3 throwing nets (quivered) {!f}
Armour
 u - a +1 pair of boots (worn)
   (You found it on level 3 of the Dungeon)
 A - the cursed +3 leather armour of the Sacrificial Victim (worn) {+Fly rElec Dex-3}
   (You bought it in a shop on level 7 of the Dungeon)

   It affects your dexterity (-3).
   It insulates you from electricity.
   It lets you fly.
   It has a curse placed upon it.
 G - a +0 leather armour
Jewellery
 j - a +2 ring of dexterity (right hand)
   (You found it on level 1 of the Dungeon)
 l - a +1 ring of evasion (left hand)
   (You found it on level 1 of the Dungeon)
 m - an uncursed ring of wizardry
   (You found it on level 2 of the Dungeon)
 F - an uncursed ring of fire
   (You found it on level 9 of the Dungeon)
 J - an amulet of the acrobat (around neck)
   (You found it on level 1 of the Lair of Beasts)
Wands
 v - a wand of digging (3)
   (You found it on level 10 of the Dungeon)
 x - a wand of acid (6)
   (You found it on level 9 of the Dungeon)
 y - a wand of polymorph (6)
   (You found it on level 4 of the Dungeon)
 z - a wand of scattershot (10)
   (You found it on level 5 of the Dungeon)
Scrolls
 d - 9 scrolls of remove curse {@r2}
 f - 7 scrolls of teleportation {@r4}
 h - 3 scrolls of identify {@r1}
 i - 4 scrolls of immolation {!r}
 k - 2 scrolls of blinking
 n - 2 scrolls of noise {unknown}
 s - 4 scrolls of enchant armour
 t - a scroll of amnesia
 B - 2 scrolls of enchant weapon
 H - 2 scrolls of magic mapping {unknown}
Potions
 c - a potion of invisibility
 g - a potion of agility
 o - 3 potions of flight
 p - 2 potions of brilliance
 q - 2 potions of resistance
 r - 7 potions of curing {@q1}
 w - 4 potions of lignification {!q}
 C - a potion of ambrosia
 E - 2 potions of might
 I - 2 potions of degeneration {!q}
Comestibles
 e - 22 rations {!d}


   Skills:
 + Level 9.4 Fighting
 * Level 15.9 Polearms
 - Level 0.6 Armour
 + Level 11.1 Dodging
 - Level 2.0 Spellcasting
 - Level 6.0 Hexes
 - Level 5.0 Charms
 - Level 2.0 Translocations
 + Level 3.4 Evocations


You had 8 spell levels left.
You knew the following spells:

 Your Spells              Type           Power        Failure   Level  Hunger
a - Infusion              Chrm           ###.         3%          1    #......
q - Shroud of Golubria    Chrm/Tloc      ##........   9%          2    ###....
t - Spectral Weapon       Hex/Chrm       ###.....     8%          3    ###....

Your spell library contained the following spells:

 Spells                   Type           Power        Failure   Level  Hunger
 Corona                   Hex            ###....      2%          1    #......
 Slow                     Hex            ###.....     3%          2    ###....
 Song of Slaying          Chrm           ###.....     4%          2    ###....
 Portal Projectile        Hex/Tloc       ###...       14%         3    ###....
 Blink                    Tloc           N/A          17%         2    ###....
 Dazzling Spray           Conj/Hex       ##....       22%         3    ###....
 Inner Flame              Hex/Fire       ##......     22%         3    ###....
 Cause Fear               Hex            ###.......   22%         4    #####..
 Magic Dart               Conj           #...         26%         1    #......
 Regeneration             Chrm/Necr      ##........   26%         3    ###....
 Call Imp                 Summ           #.......     36%         2    ###....
 Searing Ray              Conj           #.....       36%         2    ###....
 Conjure Flame            Conj/Fire      #.......     58%         3    ###....
 Mephitic Cloud           Conj/Pois/Air  #.......     58%         3    ###....
 Fulminant Prism          Conj/Hex       ##........   58%         4    #####..
 Leda's Liquefaction      Hex/Erth       ##........   58%         4    #####..
 Force Lance              Conj/Tloc      #.......     86%         4    #####..
 Iskenderun's Mystic Bla  Conj           #.......     94%         4    #####..


Dungeon Overview and Level Annotations

Branches:
Dungeon (12/15)            Temple (1/1) D:5            Lair (1/6) D:11
    Orc (0/2) D:11

Altars:
Ashenzari
Cheibriados
Dithmenos
Elyvilon
Fedhas
Gozag
Hepliaklqana
Kikubaaqudgha
Makhleb
Nemelex Xobeh
Okawaru
Qazlal
Ru
Sif Muna
Trog
Uskayaw
Vehumet
Wu Jian
Xom
Yredelemnul
Zin
The Shining One

Shops:
D:5 ![?:=   D:7 [   D:9 *   D:10 =   D:11 [(

Portals:
Trove: D:11 (give +4 ice dragon scales)

Annotations:
D:5 1 runed translucent door, Crazy Yiuf
D:11 3 runed translucent doors Gauntlet 12 runed translucent doors, 11 transporters


Message History

The harpy simulacrum freezes you!
The harpy simulacrum claws you but does no damage.
The harpy simulacrum misses you.
The harpy simulacrum closely misses you.
You hit the harpy simulacrum.
The harpy simulacrum claws you but does no damage.
The harpy simulacrum closely misses you.
You draw out your weapon's spirit!
The harpy simulacrum claws you. The harpy simulacrum freezes you!
The harpy simulacrum completely misses you.
The harpy simulacrum closely misses you. x2
You puncture the harpy simulacrum! The harpy simulacrum misses you.
The harpy simulacrum closely misses you.
Your spectral weapon hits the harpy simulacrum from afar.
The harpy simulacrum claws you but does no damage.
The harpy simulacrum barely misses you.
The centaur warrior simulacrum hits you.
The centaur warrior simulacrum freezes you!
* * * LOW HITPOINT WARNING * * *
You puncture the centaur warrior simulacrum!
Your spectral weapon hits the centaur warrior simulacrum!
The harpy simulacrum claws you.
* * * LOW HITPOINT WARNING * * *
The harpy simulacrum freezes you!
* * * LOW HITPOINT WARNING * * *
The harpy simulacrum misses you.
The centaur warrior simulacrum hits you but does no damage.
The harpy simulacrum barely misses you.
The harpy simulacrum completely misses you.
The centaur warrior simulacrum hits your spectral weapon.
Your spectral weapon shares its damage with you!
The centaur warrior simulacrum freezes your spectral weapon!
Your spectral weapon resists.
Your spectral weapon shares its damage with you!
* * * LOW HITPOINT WARNING * * *
You feel better.
The harpy simulacrum closely misses you.
The harpy simulacrum misses you.
The harpy simulacrum completely misses you. x2
The centaur warrior simulacrum hits your spectral weapon.
Your spectral weapon shares its damage with you!
Your spectral weapon fades away.
* * * LOW HITPOINT WARNING * * *
The harpy simulacrum claws you but does no damage. x2
The harpy simulacrum completely misses you. x2
The harpy simulacrum completely misses you.
The harpy simulacrum claws you.
* * * LOW HITPOINT WARNING * * *
The harpy simulacrum freezes you!!
You die...

......≈8≈........∩...∩###
.......≈§............≈#8#
######..§###########..###
....3#...#...'..+..#..#
##...#...#...'..+^.#..###
#....#####).##''#++#..#8#
#..#.#...#$.+.Z.+..#..###
####.#©.©#©.+..Z#.©#©.#
#©.#.#...#..+...@..#..###
#....#####[.##++#++#..#8#
##...#...#...+..'^.#..###
.....#.8.#...+..'..#..#
######...###########..###
......................#8#
.....................≈###
#######################
8# #8# #8# #8# #8# #8#


You could see a harpy simulacrum and a centaur warrior simulacrum.

Vanquished Creatures
  2 two-headed ogres (D:8)
  An orc knight (D:11)
  A cyclops (D:11)
  A gargoyle (D:10)
  A spiny frog (Lair:1)
  A kobold demonologist (D:9)
  A komodo dragon (Lair:1)
  A troll (D:10)
  Grinder (D:3)
  2 slime creatures (D:11)
  A meliai zombie (D:10)
  A centaur simulacrum (Gauntlet)
  9 yaks
  A steam dragon (D:8)
  Duvessa (D:7)
  A hydra simulacrum (Gauntlet)
  2 black bears
  A sky beast (D:7)
  11 orc warriors
  3 ice beasts
  4 ogres
  11 centaurs
  2 crocodiles
  2 big kobolds (D:9)
  7 bullfrogs
  Dowan (D:7)
  4 scorpions
  14 killer bees
  5 wights (D:9)
  3 howler monkeys (D:8)
  6 crimson imps
  2 bullfrog zombies
  2 quasits (D:10)
  An iron imp (D:6)
  A jelly (D:8)
  5 orc priests
  3 hounds
  9 orc wizards
  3 bullfrog skeletons
  A centaur skeleton (D:10)
  4 iguanas (D:9)
  8 worker ants
  2 hound zombies (D:6)
  2 howler monkey zombies
  9 adders
  4 gnolls (D:5)
  A shadow imp (D:7)
  An ooze (D:1)
  2 adder skeletons (D:6)
  An adder zombie (D:6)
  4 worms
  2 dart slugs
  11 leopard geckos
  35 orcs
  8 bats
  6 giant cockroaches
  6 goblins
  4 hobgoblins
  7 jackals (D:3)
  8 kobolds
  4 quokkas
  6 frilled lizards
  A leopard gecko zombie (D:8)
  A quokka skeleton (D:4)
  8 rats
274 creatures vanquished.

Vanquished Creatures (others)
  12 spectral weapons
12 creatures vanquished.

Grand Total: 286 creatures vanquished

Notes
Turn   | Place    | Note
-------+----------+-------------------------------------------
     0 | D:1      | Norn the Merfolk Skald began the quest for the Orb.
     0 | D:1      | Reached XP level 1. HP: 16/16 MP: 3/3
   366 | D:1      | Reached XP level 2. HP: 20/23 MP: 5/5
   736 | D:1      | Learned a level 2 spell: Shroud of Golubria
  1030 | D:1      | Reached XP level 3. HP: 28/28 MP: 6/6
  1273 | D:2      | Found an opulent altar of Gozag.
  1284 | D:2      | Found a shattered altar of Ashenzari.
  1326 | D:2      | Reached skill level 4 in Polearms
  1388 | D:2      | Became a worshipper of Ashenzari the Shackled
  1460 | D:2      | Found a glowing silver altar of Zin.
  2257 | D:3      | Reached XP level 4. HP: 34/34 MP: 7/7
  2321 | D:3      | Learned a level 3 spell: Spectral Weapon
  2954 | D:3      | Noticed Grinder
  3156 | D:3      | Paralysed by Grinder for 4 turns
  3745 | D:3      | Killed Grinder
  3745 | D:3      | Reached skill level 6 in Polearms
  3745 | D:3      | Reached XP level 5. HP: 16/41 MP: 4/8
  3745 | D:3      | Reached XP level 6. HP: 18/47 MP: 4/9
  4213 | D:4      | Reached * piety under Ashenzari
  5504 | D:5      | Entered Level 5 of the Dungeon
  5526 | D:5      | Reached XP level 7. HP: 52/53 MP: 0/10
  5645 | D:5      | Found Xehed's Book Shoppe.
  5656 | D:5      | Reached skill level 7 in Polearms
  5656 | D:5      | Reached skill level 1 in Hexes
  5766 | D:5      | Reached skill level 5 in Dodging
  5766 | D:5      | Reached skill level 1 in Translocations
  5808 | D:5      | Found Panarah's Magic Scroll Shop.
  5842 | D:5      | Found Tocviymo's Distillery.
  6012 | D:5      | Found a sacrificial altar of Ru.
  6131 | D:5      | Reached skill level 5 in Charms
  6519 | D:5      | Found a staircase to the Ecumenical Temple.
  6574 | Temple   | Entered the Ecumenical Temple
  6760 | D:5      | Found Asyqis's Jewellery Shoppe.
  6813 | D:5      | Found Xugoyzxuown's Armour Boutique.
  6857 | D:5      | Found a runed translucent door.
  6858 | D:5      | Noticed Crazy Yiuf
  7089 | D:5      | Bought a potion of curing for 39 gold pieces
  7224 | D:6      | Reached ** piety under Ashenzari
  7244 | D:6      | Reached skill level 8 in Polearms
  7244 | D:6      | Reached XP level 8. HP: 55/61 MP: 7/11
  7467 | D:6      | Found a hide-covered altar of Uskayaw.
  7467 | D:6      | Found a shattered altar of Ashenzari.
  7472 | D:6      | Found a deep blue altar of Sif Muna.
  7474 | D:6      | Found a basalt altar of Yredelemnul.
  7476 | D:6      | Found a blossoming altar of Fedhas.
  7548 | D:6      | Found a snail-covered altar of Cheibriados.
  7634 | D:6      | Found a glowing golden altar of the Shining One.
  8510 | D:7      | Found Ishraxt's Antique Armour Boutique.
  8513 | D:7      | Bought a fine leather armour for 161 gold pieces
  8513 | D:7      | Identified the +3 leather armour of the Sacrificial Victim
                  | {+Fly rElec Dex-3} (You bought it in a shop on level 7 of
                  | the Dungeon)
  8591 | D:7      | Reached skill level 9 in Polearms
  8666 | D:7      | Reached skill level 5 in Fighting
  8766 | D:7      | Noticed Duvessa
  8768 | D:7      | Noticed Dowan
  8775 | D:7      | Killed Duvessa
  8781 | D:7      | Killed Dowan
  8925 | D:7      | Reached skill level 10 in Polearms
  8925 | D:7      | Reached XP level 9. HP: 54/68 MP: 12/12
  9104 | D:8      | Found a sparkling altar of Nemelex Xobeh.
  9104 | D:8      | Noticed a two-headed ogre
  9113 | D:8      | Killed a two-headed ogre
  9113 | D:8      | Reached skill level 11 in Polearms
 10093 | D:8      | Reached skill level 12 in Polearms
 10093 | D:8      | Reached skill level 5 in Hexes
 10163 | D:8      | Noticed a two-headed ogre
 10172 | D:8      | Killed a two-headed ogre
 10172 | D:8      | Reached XP level 10. HP: 79/79 MP: 8/13
 10723 | D:9      | Noticed a kobold demonologist
 10733 | D:9      | Reached skill level 13 in Polearms
 10737 | D:9      | Noticed a soul eater
 10748 | D:9      | Killed a kobold demonologist
 11047 | D:9      | Found a stormy altar of Qazlal.
 11135 | D:9      | Found a blossoming altar of Fedhas.
 11186 | D:9      | Found Syqydghu's General Store.
 11414 | D:9      | Noticed a moth of wrath
 11417 | D:9      | Found a bloodstained altar of Trog.
 11604 | D:10     | Entered Level 10 of the Dungeon
 11632 | D:10     | Found Meicryasi's Jewellery Shop.
 11766 | D:10     | Reached skill level 14 in Polearms
 11918 | D:10     | Found a sparkling altar of Nemelex Xobeh.
 11919 | D:10     | Noticed a gargoyle
 11936 | D:10     | Killed a gargoyle
 11936 | D:10     | Reached skill level 10 in Dodging
 11936 | D:10     | Reached XP level 11. HP: 61/86 MP: 8/14
 12263 | D:11     | Noticed a cyclops
 12278 | D:11     | Killed a cyclops
 12292 | D:11     | Reached skill level 1 in Evocations
 12588 | D:11     | Found a portal to a secret trove of treasure.
 12880 | D:11     | Found a staircase to the Lair.
 13169 | D:11     | Reached skill level 15 in Polearms
 13178 | D:11     | Found Zioroah's Weapon Shop.
 13179 | D:11     | Found a staircase to the Orcish Mines.
 13411 | D:11     | Found Ruky's Armour Shop.
 13603 | D:11     | Noticed an orc knight
 13633 | D:11     | Killed an orc knight
 13975 | D:11     | Found a runed translucent door.
 13976 | D:11     | Noticed a catoblepas
 13976 | D:11     | Found a runed translucent door.
 13977 | D:11     | Found a runed translucent door.
 15143 | Lair:1   | Entered Level 1 of the Lair of Beasts
 15143 | Lair:1   | Found a gate leading to a gauntlet.
 15158 | Lair:1   | Reached *** piety under Ashenzari
 15441 | Gauntlet | Entered a Gauntlet
 15441 | Gauntlet | Found a large runed translucent door.
 15441 | Gauntlet | Found a large runed translucent door.
 15441 | Gauntlet | Found a large runed translucent door.
 15441 | Gauntlet | Found a large runed translucent door.
 15441 | Gauntlet | Found a large runed translucent door.
 15441 | Gauntlet | Found a large runed translucent door.
 15441 | Gauntlet | Found a large runed translucent door.
 15441 | Gauntlet | Found a large runed translucent door.
 15441 | Gauntlet | Found a runed translucent door.
 15441 | Gauntlet | Found a runed translucent gate.
 15441 | Gauntlet | Found a transporter.
 15441 | Gauntlet | Found a transporter.
 15441 | Gauntlet | Found a runed translucent gate.
 15441 | Gauntlet | Found a transporter.
 15441 | Gauntlet | Found a transporter.
 15441 | Gauntlet | Noticed a moth of wrath
 15445 | Gauntlet | Found a transporter.
 15449 | Gauntlet | Found a runed translucent gate.
 15449 | Gauntlet | Found a runed translucent door.
 15450 | Gauntlet | Found a large runed translucent door.
 15450 | Gauntlet | Found a large runed translucent door.
 15451 | Gauntlet | Found a large runed translucent door.
 15467 | Gauntlet | Found a transporter.
 15468 | Gauntlet | Found a transporter.
 15473 | Gauntlet | Found a transporter.
 15487 | Gauntlet | Noticed a sixfirhy
 15488 | Gauntlet | Found a transporter.
 15489 | Gauntlet | Found the amulet of Vitality {Regen+ HP+15}
 15489 | Gauntlet | Noticed a death scarab
 15492 | Gauntlet | Found a transporter.
 15509 | Gauntlet | Found a transporter.
 15533 | Gauntlet | Noticed a soul eater
 15535 | Gauntlet | Found a transporter.
 15576 | Gauntlet | Found a large runed translucent door.
 15576 | Gauntlet | Found a large runed translucent door.
 15577 | Gauntlet | Found a large runed translucent door.
 15578 | Gauntlet | Found a large runed translucent door.
 15578 | Gauntlet | Found a large runed translucent door.
 15602 | Gauntlet | Noticed a sixfirhy
 15916 | Gauntlet | Slain by a harpy simulacrum

Skill      XL: |  1  2  3  4  5  6  7  8  9 10 11 |
---------------+----------------------------------+-----
Dodging        | 3 4 5 6 8 10 11 | 11.1
Polearms       | 4 6 8 10 12 14 15 | 15.9
Fighting       | 3 4 5 7 8 9 |  9.4
Charms         | 4 5 |  5.0
Hexes          | 2 3 5 6 |  6.0
Translocations | 1 2 |  2.0
Evocations     | 3 |  3.4
Armour         | |  0.6
Spellcasting   | |  2.0

Action                   |  1- 3 |  4- 6 |  7- 9 | 10-12 || total
-------------------------+-------+-------+-------+-------++-------
Melee: Spear             |   104 |   202 |     2 |       ||   308
       Halberd           |       |       |    73 |       ||    73
       Trident           |       |       |   179 |   484 ||   663
 Cast: Infusion          |    10 |    10 |     1 |       ||    21
       Spectral Weapon   |       |     5 |    20 |    36 ||    61
       Shroud of Golubri |       |     2 |     2 |     5 ||     9
Invok: Curse Item        |       |       |     1 |       ||     1
  Use: Scroll            |     2 |       |     1 |    13 ||    16
       Potion            |       |     3 |     1 |     1 ||     5
 Stab: Distracted        |       |     1 |       |     7 ||     8
  Eat: Chunk             |     4 |     8 |    15 |    19 ||    46
       Ration            |       |     1 |     1 |     1 ||     3
Armor: Leather armour    |     7 |    26 |    34 |    59 ||   126
Dodge: Dodged            |    47 |   116 |   140 |   278 ||   581
